 Dungeon Crawl Stone Soup version 0.30-a0-1157-g2cc9ac7196 (webtiles) character file.

Game seed: 13895933501702099209

154 qeuew the Covered (level 5, -1/33 HPs)
             Began as a Gargoyle Fighter on Apr 24, 2023.
             Slain by Pargi (3 damage)
             ... in a sewer.
             The game lasted 00:03:01 (1904 turns).

qeuew the Covered (Gargoyle Fighter)                Turns: 1904, Time: 00:03:02

Health: -1/33      AC: 11    Str: 21    XL:     5   Next: 36%
Magic:  5/5        EV:  9    Int:  9    God:
Gold:   149        SH:  4    Dex:  9    Spells: 4/5 levels left

rFire   . . .        a - +0 flail
rCold   . . .        c - +0 buckler
rNeg    + . .        b - +0 scale mail
rPois   ∞            (no helmet)
rElec   +            (no cloak)
rCorr   +            (no gloves)
SInv    .            (no boots)
Will    .....        (no amulet) Stlth
                     f - ring of resist corrosion
HPRegen 0.25/turn    (no ring)
MPRegen 0.09/turn

%: no passive effects
@: mighty
A: sickness immunity, AC +4, negative energy resistance 1, electricity
resistance, torment resistance 1, petrification resistance
a: no special abilities


You were in a sewer.
You visited 1 branch of the dungeon, and saw 3 of its levels.
You also visited: Sewer.

You collected 149 gold pieces.

Inventory:

Hand Weapons
 a - a +0 flail (weapon)
Armour
 b - a +0 scale mail (worn)
 c - a +0 buckler (worn)
Jewellery
 f - a ring of resist corrosion (left hand)
Scrolls
 g - a scroll of identify
 j - a scroll of brand weapon {unknown}
 k - a scroll of magic mapping {unknown}
Potions
 d - 2 potions of might
 e - a potion of lignification {unknown}
 h - a potion of mutation
 i - a potion of flight {unknown}


   Skills:
 + Level 3.9 Fighting
 * Level 3.2 Maces & Flails
 * Level 4.5 Armour
 + Level 3.9 Shields
 + Level 0.5 Spellcasting
 + Level 0.9 Earth Magic


You had 4 spell levels left.
You knew the following spells:

 Your Spells              Type           Power      Damage    Failure   Level
a - Sandblast             Erth           4%         2d4       63%         1

Your spell library contained the following spells:

 Spells                   Type           Power      Damage    Failure   Level
 Passwall                 Tmut/Erth      0%         N/A       83%         2
 Stone Arrow              Conj/Erth      2%         3d7       97%         3
 Ignite Poison            Fire/Tmut/Pois 0%         N/A       98%         3
 Freezing Cloud           Conj/Ice/Air   0%         6-21      100%        5
 Cigotuvi's Dreadful Rot  Necr/Pois/Air  Unusable   N/A       N/A         2

Dungeon Overview and Level Annotations

Branches:
Dungeon (3/15)              Sewer (1/1)

Altars:

Annotations:
Sewer Pargi


Innate Abilities, Weirdness & Mutations

You are immune to sickness and miasma.
Your stone body is resilient. (AC +4)
You are immune to poison.
You resist negative energy. (rN+)
You are resistant to electric shocks. (rElec)
You are resistant to unholy torment.
You are immune to petrification.


Message History

You closely miss Pargi.
Pargi is lightly wounded.
Pargi bites you but does no damage. Pargi claws you but does no damage. x2
You sock Pargi!
Pargi is heavily wounded.
Pargi snarls, "My home!
Leave!"
Pargi barely misses you. Pargi claws you but does no damage. Pargi misses you.
You closely miss Pargi.
Pargi is heavily wounded.
Pargi snarls, "My home!
Leave!"
Pargi bites you. Pargi claws you.
* * * LOW HITPOINT WARNING * * *
Pargi claws you but does no damage.
You sock Pargi!
Pargi is severely wounded.
Pargi barely misses you. Pargi closely misses you.
Pargi claws you but does no damage. Pargi bites you.
* * * LOW HITPOINT WARNING * * *
Pargi claws you but does no damage. Pargi completely misses you.
You closely miss Pargi.
Pargi is severely wounded.
Pargi closely misses you. Pargi claws you but does no damage.
Pargi completely misses you.
You closely miss Pargi.
Pargi is severely wounded.
You block Pargi's attack. Pargi claws you but does no damage.
Pargi barely misses you.
You closely miss Pargi.
Pargi is severely wounded.
Pargi bites you.
* * * LOW HITPOINT WARNING * * *
Pargi closely misses you. x2
You closely miss Pargi.
Pargi is heavily wounded.
Pargi barely misses you. x2; Pargi claws you but does no damage.
Pargi looks around nervously.
Pargi bites you.
* * * LOW HITPOINT WARNING * * *
Pargi claws you but does no damage. Pargi claws you.
You die...

~≈~# ~≈~#
~≈~# ~≈~#
~≈~#
##########
#$.T.~≈~.+
#@~≈~.#
####.~≈~.#
#..'.~≈~.+
####.~≈~.#
####.~≈~.#
#..'.~≈~.+
####.~≈~.#
####.~≈~.####
#..'..∩....∩#


You could see Pargi.

Vanquished Creatures
  A jelly (D:3)
  An orc wizard (D:3)
  5 adders
  A worm (D:2)
  4 orcs (D:3)
  7 bats
  3 endoplasms
  3 giant cockroaches
  7 goblins
  4 hobgoblins
  4 ball pythons
  3 frilled lizards
  A kobold (D:3)
  7 rats
51 creatures vanquished.

Notes
Turn   | Place    | Note
-------+----------+-------------------------------------------
     0 | D:1      | qeuew the Gargoyle Fighter began the quest for the Orb.
     0 | D:1      | Reached XP level 1. HP: 14/14 MP: 1/1
   131 | D:1      | Reached XP level 2. HP: 19/19 MP: 2/2
   765 | D:2      | Found a faded altar of an unknown god.
   864 | D:2      | Reached XP level 3. HP: 23/23 MP: 3/3
  1238 | D:2      | Reached skill level 4 in Armour
  1251 | D:2      | Learned a level 1 spell: Sandblast
  1277 | D:2      | Reached XP level 4. HP: 29/29 MP: 4/4
  1711 | D:3      | Reached XP level 5. HP: 29/33 MP: 5/5
  1845 | D:3      | Found a glowing drain.
  1856 | Sewer    | Entered a sewer
  1886 | Sewer    | Noticed Pargi
  1904 | Sewer    | Slain by Pargi

Illustrated notes

Levels and vault maps discovered:
D:1:      lemuel_arrival_behind_the_door_large, layout_basic
D:2:      layout_loops_cross, shapermc_ecumenical_altar_petra
D:3:      layout_basic, nicolae_qazlal_style_of_elements, portal_sewer_entry_d
Sewer:    kennysheep_door_sewer

Skill      XL: |  1  2  3  4 |
---------------+-------------+-----
Armour         | 4 |  4.5
Maces & Flails | 3 |  3.2
Fighting       | |  3.9
Shields        | |  3.9
Spellcasting   | |  0.5
Earth Magic    | |  0.9

Action                     |  1- 3 |  4- 6 || total
---------------------------+-------+-------++-------
  Melee: Flail             |   145 |    84 ||   229
    Use: Scroll            |     2 |     2 ||     4
         Potion            |     1 |     2 ||     3
 Armour: Scale mail        |    99 |    76 ||   175
  Dodge: Dodged            |    80 |    46 ||   126
  Block: Buckler           |    24 |    15 ||    39

Table legend: (Time is in decaauts)
 A = Elapsed time spent in this place.
 B = Non-inter-level travel time spent in this place.
 C = Inter-level travel time spent in this place.
 D = Time resting spent in this place.
 E = Time spent auto-exploring this place.
 F = Levels seen in this place.
 G = Mean time per level.
                   A        B        C        D        E       F      G
               +--------+--------+--------+--------+--------+-----+--------+
         Total |   1973 |   1902 |     71 |      0 |   1403 |   4 |  493.2 |
       Dungeon |   1919 |   1848 |     71 |      0 |   1381 |   3 |  639.7 |
         Sewer |     53 |     53 |      0 |      0 |     22 |   1 |   53.0 |
               +--------+--------+--------+--------+--------+-----+--------+

Top non-repeatable levels by time:
     D:1: 728 daAuts
     D:2: 726 daAuts
     D:3: 464 daAuts
   Sewer: 53 daAuts
